Map: Oceanborn LE

Players

FdwaAiJAKpsa - Winner!

  • Race: Terran Terran
  • League: Platinum
  • Spawn Location: 5:00

Subwayeatn

  • Race: Terran Terran
  • League: Platinum
  • Spawn Location: 11:00

VOD

Have the link to the VOD?

Description

Time

  • Played on: Nov. 8, 2023, 12:33 p.m.
  • Length: 2:35
Show
View Real Time Build Order
Export as new Build Order

FdwaAiJAKpsa Terran - Winner!

Build Orders: Reaper Expand 

Get SALT Encoding   

  12  0:00  SCV  
  13  0:12  SCV  
  14  0:17  Supply Depot  
  14  0:24  SCV  
  15  0:39  SCV  
  15  0:40  Barracks  
  16  0:44  Refinery  
  16  0:51  SCV  
  17  1:03  SCV  
  18  1:15  SCV  
  19  1:29  Reaper  
  19  1:30  Orbital Command  
  20  1:47  Command Center  
  20  1:57  Supply Depot, SCV  
  21  2:03  Refinery  
  21  2:11  SCV  
  21  2:13  Barracks Reactor  
  22  2:23  Factory  
Show
View Real Time Build Order
Export as new Build Order

Subwayeatn Terran 

Build Orders:  

Get SALT Encoding   

  12  0:00  SCV  
  13  0:12  SCV  
  14  0:19  Supply Depot  
  14  0:25  SCV  
  15  0:31  Refinery  
  15  0:45  Barracks  
  15  0:48  SCV  
  16  1:00  SCV  
  17  1:12  SCV  
  18  1:24  SCV  
  19  1:33  Supply Depot, Marine  
  19  1:38  Orbital Command  
  20  1:48  Factory  
  20  1:52  Barracks Reactor  
  20  2:04  Bunker  
  20  2:20  SCV  
Tags
 
Matchup
TvT
Race
Terran
Replay Pack
Multiplayer
Spawn Locations
Cross Positions
Add a new tag
Caveats
  • Supply blocks, unpowered buildings, or Contaminate may cause inaccurate times.
  • Supply counts are checked every 10 seconds.